 Dungeon Crawl Stone Soup version 0.29.1-2-gbd0b4ee654 (webtiles) character file.

Game seed: 3160369181084460569

29 qeuew the Conjurer (level 3, 26/26 HPs)
             Began as a Demonspawn Wanderer on Nov 9, 2022.
             Quit the game on level 1 of the Dungeon.
             The game lasted 00:01:36 (1421 turns).

qeuew the Conjurer (Demonspawn Wanderer)            Turns: 1421, Time: 00:01:36

Health: 26/26      AC:  2    Str: 10    XL:     3   Next: 1%
Magic:  5/5        EV: 11    Int: 16    God:
Gold:   16         SH:  0    Dex: 13    Spells: 3/4 levels left

rFire   . . .      SeeInvis .   a - +0 dagger
rCold   . . .      Faith    .   (no shield)
rNeg    . . .      Spirit   .   c - +0 robe
rPois   .          Reflect  .   (no helmet)
rElec   .          Harm     .   (no cloak)
rCorr   .          Rampage  .   (no gloves)
Will    .....                   (no boots)
Stlth   ++........              (no amulet)
HPRegen 0.08/turn               (no ring)
MPRegen 0.09/turn               (no ring)

@: no status effects
A: weakness stinger 1
a: no special abilities


You were on level 1 of the Dungeon.
You visited 1 branch of the dungeon, and saw 1 of its levels.

You collected 16 gold pieces.

Inventory:

Hand Weapons
 a - a +0 dagger (weapon)
Armour
 c - a +0 robe (worn)
Scrolls
 b - a scroll of teleportation
 d - a scroll of silence
 g - a scroll of enchant weapon {unknown}
 h - a scroll of brand weapon {unknown}
 i - a scroll of blinking {unknown}
 j - 2 scrolls of identify {unknown}
 k - a scroll of noise {unknown}
Potions
 e - a potion of flight {unknown}
 f - 2 potions of curing {unknown}
 l - a potion of might {unknown}


   Skills:
 + Level 1.4 Fighting
 + Level 0.5 Short Blades
 - Level 1.0 Throwing
 + Level 0.6 Armour
 + Level 0.6 Dodging
 - Level 1.7 Stealth
 + Level 1.3 Spellcasting
 + Level 2.2 Conjurations
 + Level 2.2 Hexes
 - Level 1.0 Evocations


You had 3 spell levels left.
You knew the following spells:

 Your Spells              Type           Power      Damage    Failure   Level
a - Shock                 Conj/Air       16%        1d4       14%         1

Your spell library contained the following spells:

 Spells                   Type           Power      Damage    Failure   Level
 Slow                     Hex            32%        N/A       9%          1
 Foxfire                  Conj/Fire      16%        2x1d4     14%         1
 Portal Projectile        Hex/Tloc       8%         N/A       38%         3
 Call Canine Familiar     Summ           1%         N/A       54%         3
 Flame Wave               Conj/Fire      4%         2d5       80%         4
 Leda's Liquefaction      Hex/Erth       2%         N/A       80%         4


Dungeon Overview and Level Annotations

Branches:
Dungeon (1/15)

Altars:


Innate Abilities, Weirdness & Mutations

You have a small tail.


Message History

A kobold is nearby!
You miscast Shock.
You are very lightly contaminated with residual magic.
Nothing appears to happen.
A kobold is nearby!
You miscast Shock.
Nothing appears to happen.
A kobold is nearby!
You miscast Shock.
Nothing appears to happen.
A kobold is nearby!
You are out of magic!
A kobold is nearby!
You hit the kobold but do no damage. You tail-slap the kobold.
You kill the kobold!
No target in view!
No target in view!
Your magical contamination has completely faded away.
You see here a +0 dagger of electrocution.
You can't see any susceptible monsters within range! (Use Z to cast anyway.)
A quokka comes into view.
Found an inky potion.
The quokka barely misses you.
The zap misses the quokka. x2; The quokka bites you.
A quokka is nearby!
You miscast Shock.
You are very lightly contaminated with residual magic.
Nothing appears to happen.
The quokka bites you.
The zap hits the quokka.
The quokka is heavily wounded.
The zap hits the quokka.
You kill the quokka!
You have reached level 3!
Your experience leads to an increase in your attributes!
Increase (S)trength, (I)ntelligence, or (D)exterity?
You feel agile. x2
You see here a quokka corpse.
l - an inky potion Your magical contamination has completely faded away.
Things that are here:
a +0 dagger; 3 stones A ball python comes into view.
Are you sure you want to abandon this character and quit the game? (Confirm with "yes".)

#..# #.#.# #..#
#.#.# #).# ..#.#
#..# .## #..# #..#
#..# #..######S#
###..@....... ######
#...######.## ....>#
#.### #.# ####.#
####.#### #.# #.#
#.......# #.# #.#
#.#####.# #.#
#.####.# #.### #.#
#.#....#####...# #.#
#.#.##...#.....###.#


You could see a ball python (asleep).

Vanquished Creatures
  2 dart slugs (D:1)
  3 bats (D:1)
  3 endoplasms (D:1)
  A giant cockroach (D:1)
  2 goblins (D:1)
  2 hobgoblins (D:1)
  4 kobolds (D:1)
  A quokka (D:1)
  A ball python (D:1)
  3 rats (D:1)
22 creatures vanquished.

Notes
Turn   | Place    | Note
-------+----------+-------------------------------------------
     0 | D:1      | qeuew the Demonspawn Wanderer began the quest for the Orb.
     0 | D:1      | qeuew set off with the following items: a +0 dagger, a
                  | scroll of teleportation, a +0 robe, a scroll of silence;
                  | and the following spells available to memorise: Slow,
                  | Foxfire, Shock, Portal Projectile, Flame Wave.
     0 | D:1      | Reached XP level 1. HP: 15/15 MP: 2/2
     2 | D:1      | Learned a level 1 spell: Shock
   315 | D:1      | Found a faded altar of an unknown god.
   355 | D:1      | Gained mutation: You have a small tail. [demonic ancestry]
   355 | D:1      | Reached XP level 2. HP: 21/21 MP: 1/3
  1369 | D:1      | Reached XP level 3. HP: 22/26 MP: 1/5
  1421 | D:1      | Quit the game

Illustrated notes

Levels and vault maps discovered:
D:1:      minmay_arrival_doors, layout_loops_ring, ebering_ecumenical_altar_box,
          minmay_pentomino_v4

Action                   || total
-------------------------++-------
Melee: Dagger            ||    62
       Punch             ||     2
       Tailslap          ||     4
 Cast: Shock             ||    26
Armor: Robe              ||    12
Dodge: Dodged            ||    30
